 Dungeon Sprint DCSS version 0.31-a0-845-g9abc20d24f (webtiles) character file.

Game seed: 9649586849413959530

23763 rocky1 the Wrestler (level 13, -18/122 HPs)
             Began as a Naga Shapeshifter on Oct 2, 2023.
             Was the Champion of Cheibriados.
             Killed from afar by a balrug (42 damage)
             ... with a fireball
             ... in the Dungeon (Sprint VII: "The Pits").
             The game lasted 00:09:19 (3235 turns).

rocky1 the Wrestler (Naga Shapeshifter)             Turns: 3235, Time: 00:09:20

Health: -18/122    AC: 12    Str: 31    XL:     13   Next: 8%
Magic:  4/21       EV: 19    Int: 30    God:    Cheibriados [******]
Gold:   1          SH:  0    Dex: 27    Spells: 12/12 levels left

rFire   . .          .
                       - Unarmed
rCold   . . .        (no shield)
rNeg    . . .        a - +4 chain mail
rPois   +            (helmet currently unavailable)
rElec   .            (cloak currently unavailable)
rCorr   .            (gloves currently unavailable)
SInv    +            (no barding)
Will    +....        (no amulet) Stlth
                     q - +3 ring of evasion
HPRegen 0.40/turn    r - +3 ring of evasion
MPRegen 0.17/turn

%: no teleportation
@: beast-form, very slow
A: beast (slay +4), AC +4, large, see invisible, deformed body, poison
resistance, slowness 2, spit poison 1, naga tail 2
a: Spit Poison, Begin Untransformation, Renounce Religion, Bend Time, Temporal
Distortion, Slouch, Step From Time


You were in the Dungeon.
You worshipped Cheibriados.
Cheibriados was exalted by your worship.
You were a hulking beast.
You visited 1 branch You collected 1 gold pieces.

Inventory:

Missiles
 p - 3 boomerangs
Armour
 a - a +4 chain mail (worn)
 o - a +2 hat of see invisible
 t - a +5 ring mail
 u - a +0 cloak
 F - a +2 cloak of stealth
 I - the +1 barding of Syndicalism {rElec rC+}
   (You acquired it in the Dungeon)

   rC+:       It protects you from cold.
   rElec:     It insulates you from electricity.
Jewellery
 q - a +3 ring of evasion (left hand)
 r - a +3 ring of evasion (right hand)
 D - a ring of fire
 E - a +6 ring of strength
 H - a ring of ice
 K - a +6 ring of strength
Talismans
 c - a beast talisman (active)
 d - a flux talisman
Wands
 v - a wand of light (13)
 C - a wand of polymorph (9)
Scrolls
 j - 4 scrolls of blinking
 l - 2 scrolls of vulnerability
 m - 5 scrolls of amnesia
 n - a scroll of summoning
 w - 2 scrolls of enchant armour
 x - 4 scrolls of fear
 y - a scroll of identify
 B - 3 scrolls of fog
 J - a scroll of revelation
Potions
 b - 2 potions of lignification
 e - 7 potions of curing
 f - 13 potions of heal wounds
 g - 5 potions of haste
 h - 4 potions of magic
 i - 6 potions of berserk rage
 k - 2 potions of invisibility
 s - a potion of resistance
 z - a potion of might
 A - a potion of mutation
 G - a potion of ambrosia


   Skills:
 - Level 9.7 Fighting
 - Level 8.3 Dodging
 * Level 26.5 Unarmed Combat
 + Level 11.6 Invocations
 - Level 9.6 Shapeshifting


You had 12 spell levels left.
You didn't know any spells.
Your spell library contained the following spells:

 Spells                   Type           Power      Damage    Failure   Level
 Wereblood                Tmut           0%         N/A       54%         2
 Irradiate                Conj/Tmut      0%         3d11      100%        5


Dungeon Overview and Level Annotations

Branches:
Dungeon (1/1)

Altars:
Ashenzari
Cheibriados
Dithmenos
Elyvilon
Fedhas
Gozag
Hepliaklqana
Kikubaaqudgha
Makhleb
Nemelex Xobeh
Okawaru
Qazlal
Ru
Sif Muna
Trog
Uskayaw
Vehumet
Wu Jian
Xom
Yredelemnul
Zin
The Shining One
Jiyva
Lugonu


Innate Abilities, Weirdness & Mutations

You are a hulking beast.
Your limbs bulge with bestial killing power. (Slay +4)
Your serpentine skin is tough. (AC +4)
You have supernaturally acute eyesight. (SInv)
Armour fits poorly on your strangely shaped body.
Your system is resistant to poisons. (rPois)
You cover ground very slowly.
You can spit poison.
You can use your snake-like lower body to constrict enemies.


Message History

You constrict the spriggan druid.
You kill the spriggan druid!
Cheibriados appreciates the change of pace.
You hear a faint skittering sound.
A tarantella comes into view.
An adder zombie comes into view.
You pummel the balrug!! You grab the balrug. You punch the balrug!
The balrug is heavily wounded.
You constrict the balrug.
The balrug hits you with a +0 demon whip of electrocution!!
You are engulfed in flames!
You hit the balrug.
The balrug is severely wounded.
You constrict the balrug.
A spriggan druid comes into view. It is wielding a +4 vampiric rapier.
The balrug hits you with a +0 demon whip of electrocution.
You are engulfed in flames!!
* * * LOW HITPOINT WARNING * * *
You feel much better.
You constrict the balrug.
The spriggan druid calls out to the beasts of the wild!
The balrug hits you with a +0 demon whip of electrocution!!
* * * LOW HITPOINT WARNING * * *
You are engulfed in flames!
* * * LOW HITPOINT WARNING * * *
Unknown command.
You don't have enough magic at the moment.
You feel much better.
You constrict the balrug.
A tarantella comes into view.
The balrug hits you with a +0 demon whip of electrocution!!
* * * LOW HITPOINT WARNING * * *
You are engulfed in flames!
* * * LOW HITPOINT WARNING * * *
Unknown command.
Blink to where?
Press: ? - help, Dir - move target You lose your grip on the balrug.
As you read the scroll of blinking, it crumbles to dust.
You feel much better. The balrug gestures at you.
The fireball explodes!
The fireball engulfs you!!!
You die...

#####++####
#..........
#..........
+..#....#..
+..h.......#
#..........#
###########..#....#..#
.........''..........#
.........''..........#
#######..##..#....#..#
#)#2.##..........+
#)s.##..........+
#)#..####''####''#


You could see a balrug and a tarantella.

Vanquished Creatures
  Gastronok (D)
  A spriggan defender (D)
  Josephine (D)
  A merfolk avatar (D)
  A death knight (D)
  A dancing weapon (D)
  A death yak (D)
  A naga warrior (D)
  2 demonic crawlers (D)
  2 skeletal warriors (D)
  A salamander mystic (D)
  A sea snake (D)
  A spriggan druid (D)
  4 slime creatures (D)
  An orc knight (D)
  A flayed ghost (D)
  Pikel (D)
  A deep elf zephyrmancer (D)
  2 bog bodies (D)
  A manticore (D)
  Maurice (D)
  2 naga magi (D)
  A guardian serpent (D)
  2 smoke demons (D)
  An orange demon (D)
  A cane toad (D)
  A gargoyle (D)
  2 yaktaurs (D)
  3 ice devils (D)
  2 guardian mummies (D)
  A troll (D)
  2 red devils (D)
  2 tyrant leeches (D)
  Grinder (D)
  A tarantella (D)
  A hornet (D)
  A large abomination (D)
  A ynoxinul (D)
  5 yaks (D)
  2 spriggans (D)
  5 wraiths (D)
  3 redbacks (D)
  A steam dragon (D)
  Edmund (D)
  2 nagas (D)
  A water moccasin (D)
  A floating eye (D)
  A black bear (D)
  2 orc warriors (D)
  A centaur (D)
  5 wolves (D)
  4 lemures (D)
  A small abomination (D)
  2 necrophages (D)
  A scorpion (D)
  2 gnoll sergeants (D)
  3 killer bees (D)
  A hound (D)
  3 orc wizards (D)
  A mummy (D)
  An adder (D)
  7 gnolls (D)
  A river rat (D)
  An ufetubus (D)
  5 orcs (D)
  A bat (D)
  A bat skeleton (D)
  A bat zombie (D)
  An endoplasm (D)
  2 goblins (D)
  2 hobgoblins (D)
  7 jackals (D)
  A quokka (D)
  A ball python (D)
  A frilled lizard (D)
  A kobold (D)
134 creatures vanquished.

Notes
Turn   | Place    | Note
-------+----------+-------------------------------------------
     0 | D        | rocky1 the Naga Shapeshifter began the quest for the Orb.
     0 | D        | Reached XP level 1. HP: 18/18 MP: 1/1
    66 | D        | Found a bloodstained altar of Trog.
    66 | D        | Found a shimmering blue altar of Sif Muna.
    66 | D        | Found a viscous altar of Jiyva.
    66 | D        | Found a hazy altar of Hepliaklqana.
    66 | D        | Found an opulent altar of Gozag.
    67 | D        | Found a glowing golden altar of the Shining One.
    67 | D        | Found a glowing silver altar of Zin.
    67 | D        | Found a basalt altar of Yredelemnul.
    67 | D        | Found a shimmering altar of Xom.
    67 | D        | Found an ornate altar of the Wu Jian Council.
    67 | D        | Found a sacrificial altar of Ru.
    67 | D        | Found a stormy altar of Qazlal.
    67 | D        | Found an iron altar of Okawaru.
    67 | D        | Found a sparkling altar of Nemelex Xobeh.
    67 | D        | Found a burning altar of Makhleb.
    67 | D        | Found a blossoming altar of Fedhas.
    67 | D        | Found a white marble altar of Elyvilon.
    67 | D        | Found a shadowy altar of Dithmenos.
    67 | D        | Found a snail-covered altar of Cheibriados.
    70 | D        | Found a corrupted altar of Lugonu.
    70 | D        | Found a radiant altar of Vehumet.
    71 | D        | Found an ancient bone altar of Kikubaaqudgha.
    71 | D        | Found a hide-covered altar of Uskayaw.
    71 | D        | Found a broken altar of Ashenzari.
    78 | D        | Became a worshipper of Cheibriados the Contemplative
   117 | D        | Reached XP level 2. HP: 23/25 MP: 2/2
   117 | D        | Reached * piety under Cheibriados
   124 | D        | Reached skill level 4 in Unarmed Combat
   124 | D        | Reached ** piety under Cheibriados
   163 | D        | Noticed a floating eye
   165 | D        | Paralysed by a floating eye for 3 turns
   169 | D        | Killed a floating eye
   169 | D        | Reached *** piety under Cheibriados
   170 | D        | Reached skill level 6 in Unarmed Combat
   170 | D        | Reached skill level 5 in Shapeshifting
   170 | D        | Reached XP level 3. HP: 34/34 MP: 3/3
   170 | D        | Reached XP level 4. HP: 43/43 MP: 4/4
   278 | D        | Reached XP level 5. HP: 40/50 MP: 5/5
   284 | D        | Reached **** piety under Cheibriados
   371 | D        | Reached skill level 7 in Unarmed Combat
   374 | D        | Reached ***** piety under Cheibriados
   388 | D        | Reached skill level 8 in Unarmed Combat
   394 | D        | Reached skill level 5 in Fighting
   394 | D        | Reached XP level 6. HP: 24/61 MP: 6/6
   587 | D        | Reached skill level 5 in Dodging
   587 | D        | Reached skill level 9 in Unarmed Combat
   639 | D        | Noticed Edmund
   639 | D        | Noticed Grinder
   650 | D        | Paralysed by Grinder for 2 turns
   654 | D        | Killed Grinder
   654 | D        | Reached ****** piety under Cheibriados
   655 | D        | Reached skill level 10 in Unarmed Combat
   655 | D        | Reached XP level 7. HP: 37/70 MP: 6/8
   659 | D        | Killed Edmund
   778 | D        | Noticed Pikel
   778 | D        | Noticed a troll
   780 | D        | Reached skill level 11 in Unarmed Combat
   780 | D        | Reached XP level 8. HP: 80/80 MP: 4/11
   790 | D        | Killed Pikel
   790 | D        | Killed a troll
   791 | D        | Reached skill level 12 in Unarmed Combat
   791 | D        | Reached XP level 9. HP: 65/90 MP: 0/13
  1035 | D        | Noticed a flayed ghost
  1044 | D        | Killed a flayed ghost
  1045 | D        | Reached skill level 13 in Unarmed Combat
  1089 | D        | Noticed a tyrant leech
  1098 | D        | Killed a tyrant leech
  1186 | D        | Noticed a demonic crawler
  1186 | D        | Noticed a manticore
  1208 | D        | Killed a demonic crawler
  1212 | D        | Killed a manticore
  1213 | D        | Reached skill level 14 in Unarmed Combat
  1213 | D        | Reached XP level 10. HP: 44/100 MP: 14/16
  1371 | D        | Noticed Gastronok
  1384 | D        | Killed Gastronok
  1385 | D        | Reached skill level 15 in Unarmed Combat
  1511 | D        | Noticed a bog body
  1514 | D        | Reached skill level 16 in Unarmed Combat
  1516 | D        | Killed a bog body
  1738 | D        | Reached skill level 17 in Unarmed Combat
  1980 | D        | Noticed a demonic crawler
  1980 | D        | Noticed a cane toad
  1981 | D        | Killed a cane toad
  1982 | D        | Killed a demonic crawler
  1983 | D        | Reached skill level 18 in Unarmed Combat
  1986 | D        | Reached XP level 11. HP: 107/108 MP: 6/17
  1987 | D        | Reached skill level 19 in Unarmed Combat
  2230 | D        | Noticed a sea snake
  2235 | D        | Killed a sea snake
  2236 | D        | Reached skill level 20 in Unarmed Combat
  2236 | D        | Noticed Maurice
  2240 | D        | Noticed Josephine
  2240 | D        | Noticed a deep elf zephyrmancer
  2242 | D        | Killed Maurice
  2242 | D        | Killed a deep elf zephyrmancer
  2243 | D        | Reached skill level 21 in Unarmed Combat
  2243 | D        | Killed Josephine
  2244 | D        | Reached skill level 22 in Unarmed Combat
  2622 | D        | Acquired the +1 barding of Syndicalism {rElec rC+}
  2695 | D        | Reached XP level 12. HP: 89/116 MP: 18/18
  2696 | D        | Noticed a death yak
  2700 | D        | Reached skill level 23 in Unarmed Combat
  2701 | D        | Killed a death yak
  2874 | D        | Noticed a merfolk avatar
  2883 | D        | Reached skill level 24 in Unarmed Combat
  2889 | D        | Killed a merfolk avatar
  3027 | D        | Noticed a death knight
  3031 | D        | Killed a death knight
  3142 | D        | Reached skill level 25 in Unarmed Combat
  3200 | D        | Reached skill level 10 in Invocations
  3202 | D        | Identified the +6 quarterstaff of Irghaleowa {drain, rElec}
  3202 | D        | Noticed a spriggan defender
  3205 | D        | Killed a spriggan defender
  3206 | D        | Reached skill level 26 in Unarmed Combat
  3217 | D        | Gained mutation: You can use your snake-like lower body to
                  | constrict enemies. [Naga growth]
  3217 | D        | Reached XP level 13. HP: 55/122 MP: 1/21
  3225 | D        | Noticed a balrug
  3233 | D        | HP: 3/122 [balrug/+0 demon whip of electrocution (14)]
  3235 | D        | Killed from afar by a balrug

Illustrated notes

Levels and vault maps discovered:
D:        pitsprint [storerooms_1, entrance_room_1, metal_vault_6, armoury_2,
          mini_pit_1, grid_room_1, main_hall_1, silver_pit, the_coven_1,
          the_vestibule_1, steel_vault_3, golden_pit, hallway_of_sentries,
          crystal_vault_3, iron_vault_2, final_vault]

Skill      XL: |  1  2  3  4  5  6  7  8  9 10 11 12 |
---------------+-------------------------------------+-----
Unarmed Combat | 6 8 10 11 12 14 18 22 26 | 26.5
Shapeshifting  | 5 6 7 8 9 |  9.6
Fighting       | 3 5 6 7 8 9 |  9.7
Dodging        | 3 4 5 6 7 8 |  8.3
Invocations    | 2 4 6 8 11 | 11.6

Action                     |  1- 3 |  4- 6 |  7- 9 | 10-12 | 13-15 || total
---------------------------+-------+-------+-------+-------+-------++-------
  Melee: Unarmed           |    27 |    64 |    53 |   108 |     8 ||   260
         Punch             |       |       |     5 |    17 |     3 ||    25
         Constrict         |       |       |       |       |     4 ||     4
 Invoke: Slouch            |       |       |     2 |    16 |       ||    18
    Use: Scroll            |       |       |       |     1 |     1 ||     2
         Potion            |       |       |       |       |     5 ||     5
 Armour: Animal skin       |    23 |     8 |       |       |       ||    31
         Chain mail        |       |    43 |    29 |    73 |     7 ||   152
  Dodge: Dodged            |    19 |    31 |    53 |   107 |     2 ||   212

Table legend: (Time is in decaauts)
 A = Elapsed time spent in this place.
 B = Non-inter-level travel time spent in this place.
 C = Inter-level travel time spent in this place.
 D = Time resting spent in this place.
 E = Time spent auto-exploring this place.
 F = Levels seen in this place.
 G = Mean time per level.
                   A        B        C        D        E       F      G
               +--------+--------+--------+--------+--------+-----+--------+
         Total |   4150 |   3996 |    154 |   2188 |      0 |   1 | 4150.0 |
       Dungeon |   4150 |   3996 |    154 |   2188 |      0 |   1 | 4150.0 |
               +--------+--------+--------+--------+--------+-----+--------+

Top non-repeatable levels by time:
       D: 4150 daAuts
